 Dungeon Crawl Stone Soup version 0.20.1-1-g8b1a95d (webtiles) character file.

228 letownia2 the Grave Robber (level 5, -2/42 HPs)
             Began as a Deep Dwarf Necromancer on Nov 22, 2017.
             Slain by a howler monkey skeleton (4 damage)
             ... on level 5 of the Dungeon.
             The game lasted 00:06:18 (1607 turns).

letownia2 the Grave Robber (Deep Dwarf Necromancer) Turns: 1607, Time: 00:06:18

Health: -2/42      AC:  5    Str: 11    XL:     5   Next: 71%
Magic:  9/9        EV: 10    Int: 17    God:
Gold:   61         SH:  0    Dex: 13    Spells: 6/10 levels left

rFire    . . .     SeeInvis .   a - +3 dagger (holy)
rCold    + . .     Gourm    .   (no shield)
rNeg     . . .     Faith    .   h - +0 ring mail
rPois    .         Spirit   .   (no helmet)
rElec    .         Reflect  .   (no cloak)
rCorr    .         Harm     .   (no gloves)
MR       .....                  (no boots)
Stlth    +.........             (no amulet)
Regen    0.0/turn               m - ring of protection from cold
MPRegen  0.2/turn               (no ring)

@: non-regenerating, drained
A: damage resistance, heal wounds, sense surroundings 1, no regeneration
a: Heal Wounds


You were on level 5 of the Dungeon.
You were not hungry.

You visited 1 branch of the dungeon, and saw 5 of its levels.

You collected 61 gold pieces.

Inventory:

Hand Weapons
 a - a +3 dagger of holy wrath (weapon)
 w - a +0 hand axe of freezing
 x - a +0 short sword of draining
Missiles
 n - 4 javelins (quivered)
Armour
 h - a +0 ring mail (worn)
 i - a +0 robe
 q - a +0 cloak
Jewellery
 m - a ring of protection from cold (left hand)
 s - an uncursed amulet of harm
Wands
 p - a wand of acid (10/15)
Scrolls
 e - a scroll of blinking {unknown}
 g - a scroll of enchant weapon {unknown}
 j - a scroll of magic mapping {unknown}
 k - a scroll of immolation {unknown}
 r - 3 scrolls of identify {unknown}
 t - a scroll of amnesia {unknown}
 u - a scroll of fear {unknown}
 y - 3 scrolls of remove curse {unknown}
Potions
 f - 3 potions of lignification {unknown}
 o - a potion of curing {unknown}
Books
 b - a book of Necromancy

   Spells                             Type                      Level
   a - Pain                           Necromancy                   1
   b - Animate Skeleton               Necromancy                   1
   c - Vampiric Draining              Necromancy                   3
   d - Regeneration                   Charms/Necromancy            3
   e - Animate Dead                   Necromancy                   4
   f - Control Undead                 Necromancy                   4
Comestibles
 c - a bread ration
 d - a meat ration
 v - 4 fruits


   Skills:
 - Level 2.1(1.4) Dodging
 - Level 2.4(1.6) Stealth
 - Level 3.2(2.4) Spellcasting
 + Level 6.8(5.9) Necromancy


You had 6 spell levels left.
You knew the following spells:

 Your Spells              Type           Power        Failure   Level  Hunger
a - Pain                  Necr           ###.         3%          1    #......
v - Vampiric Draining     Necr           ###.......   12%         3    ###....


Dungeon Overview and Level Annotations

Branches:
Dungeon (5/15)
 Temple: D:4-7

Altars:

Annotations:
D:4 Glamhuggeren's ghost, weakling CeAM
D:5 PipsiMox's ghost, novice DsCK


Innate Abilities, Weirdness & Mutations

You are resistant to damage.
You can heal yourself by infusing magical energy.
You passively map a small area around you.
You do not regenerate.


Message History

Unknown command.
There is a stone staircase leading down here.
Glamhuggeren's ghost turns its malevolent gaze towards you.
Glamhuggeren's ghost wails, "I was like you once."
There is a stone staircase leading down here.
Glamhuggeren's ghost hits you.
You climb downwards.
Level annotation: PipsiMox's ghost, novice DsCK
There is a stone staircase leading up here.
Unknown command.
Found a stone staircase leading down.
There is a stone staircase leading down here.
A howler monkey skeleton comes into view.
You hit the howler monkey skeleton.
The howler monkey skeleton convulses.
The howler monkey skeleton is moderately damaged.
The howler monkey skeleton hits you but does no damage.
You barely miss the howler monkey skeleton.
The howler monkey skeleton is moderately damaged.
The howler monkey skeleton hits you.
You die...

, #........#
######..## * * ##>#
#.# ### #.# ,* #.#
#.# #.#####.# #.#
#.....Z.###.#######
#@#.........#
###.#.#.#####.#
#...#.#.# #.#
#.###.#.# #.#
#.....#.# #.#
#######.#####.#
#.......# #.#######
###


You could see a howler monkey skeleton.

Vanquished Creatures
  An ogre (D:4)
  An orc wizard (D:3)
  2 worker ants (D:4)
  An adder (D:4)
  4 gnolls (D:4)
  A leopard gecko (D:3)
  3 orcs
  A ball python (D:4)
  2 giant cockroaches
  3 hobgoblins
  2 quokkas (D:4)
  A bat (D:1)
  A kobold (D:3)
  A leopard gecko skeleton (D:4)
24 creatures vanquished.

Vanquished Creatures (others)
  8 toadstools (D:3)
8 creatures vanquished.

Grand Total: 32 creatures vanquished

Notes
Turn   | Place    | Note
-------+----------+-------------------------------------------
     0 | D:1      | letownia2 the Deep Dwarf Necromancer began the quest for the Orb.
     0 | D:1      | Reached XP level 1. HP: 15/15 MP: 3/3
   340 | D:3      | Noticed an orc wizard
   452 | D:2      | Reached XP level 2. HP: 16/22 MP: 1/5
   524 | D:3      | Reached skill level 5 in Necromancy
   524 | D:3      | Reached XP level 3. HP: 15/28 MP: 2/6
   529 | D:3      | Learned a level 3 spell: Vampiric Draining
   701 | D:4      | Noticed Glamhuggeren's ghost (weakling CeAM)
   739 | D:4      | Noticed an ogre
   791 | D:4      | Reached XP level 4. HP: 30/36 MP: 0/8
  1096 | D:4      | Killed an ogre
  1096 | D:4      | Reached skill level 6 in Necromancy
  1096 | D:4      | Reached XP level 5. HP: 39/42 MP: 5/9
  1225 | D:5      | Entered Level 5 of the Dungeon
  1233 | D:5      | Noticed PipsiMox's ghost (novice DsCK)
  1493 | D:5      | HP: 2/42 [adder zombie (1)]
  1607 | D:5      | Slain by a howler monkey skeleton

Skill      XL: |  1  2  3  4 |
---------------+-------------+-----
Spellcasting   | 2 3 |  3.2
Necromancy     | 5 6 |  6.8
Dodging        | |  2.1
Stealth        | |  2.4

Action                   |  1- 3 |  4- 6 || total
-------------------------+-------+-------++-------
Melee: Short sword       |    12 |    10 ||    22
       Dagger            |       |    10 ||    10
Throw: Javelin           |       |     1 ||     1
 Cast: Pain              |    17 |    17 ||    34
       Vampiric Draining |     4 |     6 ||    10
  Eat: Chunk             |       |     4 ||     4
Armor: Ring mail         |     9 |    15 ||    24
Dodge: Dodged            |    17 |    34 ||    51
